 Dungeon Crawl Stone Soup version 0.31-a0-175-g9f7f995f2b (webtiles) character file.

Game seed: 18091635128606450620

110 qw the Shooter (level 4, -4/28 HPs)
             Began as a Gargoyle Hunter on June 17, 2023.
             Slain by a hobgoblin (5 damage)
             ... led by Robin
             ... on level 2 of the Dungeon.
             The game lasted 00:00:28 (1336 turns).

qw the Shooter (Gargoyle Hunter)                    Turns: 1336, Time: 00:00:29

Health: -4/28      AC:  8    Str: 15    XL:     4   Next: 91%
Magic:  4/4        EV: 11    Int:  9    God:
Gold:   16         SH:  0    Dex: 15    Spells: 3/3 levels left

rFire   . . .        Y - +0 shortbow
rCold   . . .        (shield currently unavailable)
rNeg    + . .        h - +0 ring mail
rPois   inf          (no helmet)
rElec   +            (no cloak)
rCorr   .            (no gloves)
SInv    .            (no boots)
Will    .....        (no amulet)
Stlth   +            (no ring)
HPRegen 0.24/turn    (no ring)
MPRegen 0.09/turn

%: no passive effects
@: no status effects
A: sickness immunity, AC +3, negative energy resistance 1, electricity
resistance, torment resistance 1, petrification resistance
a: no special abilities


You were on level 2 of the Dungeon.
You visited 1 branch of the dungeon, and saw 2 of its levels.

You collected 112 gold pieces.
You spent 96 gold pieces at shops.


Innate Abilities, Weirdness & Mutations

You are immune to sickness and miasma.
Your stone body is resilient. (AC +3)
You are immune to poison.
You resist negative energy. (rN+)
You are resistant to electric shocks. (rElec)
You are resistant to unholy torment.
You are immune to petrification.


   Skills:
 - Level 3.5 Fighting
 + Level 5.3 Ranged Weapons
 - Level 1.1 Armour
 - Level 1.5 Dodging
 - Level 1.1 Stealth


You had 3 spell levels left.
You didn't know any spells.
Your spell library was empty.

Inventory:

Hand Weapons
 Y - a +0 shortbow (weapon)
Armour
 a - the +0 robe of the Serpent {Int+3}
   (You bought it in a shop on level 2 of the Dungeon)

   Int:       It affects your intelligence (+3).
 h - a +0 ring mail (worn)
Scrolls
 b - a scroll of blinking {unknown}
Potions
 d - a potion of curing
 e - a potion of haste

Dungeon Overview and Level Annotations

Branches:
Dungeon (2/15)

Altars:

Shops:
D:2 *[


Message History

Robin hits you with a +0 whip.
You shoot an arrow. The arrow hits Robin!
Robin is almost dead.
The hobgoblin closely misses you.
Robin roars a battlecry!
You shoot an arrow. The arrow completely misses Robin.
The arrow hits the goblin!
You kill the goblin!
The hobgoblin hits you but does no damage.
A goblin comes into view. It is wielding a +0 club.
Robin closely misses you.
You shoot an arrow. The arrow barely misses Robin.
The goblin shouts!
The goblin no longer looks unusually strong.
The hobgoblin closely misses you. Robin hits you but does no damage.
You shoot an arrow. The arrow hits Robin!
You kill Robin!
The hobgoblin hits you. x2
The hobgoblin hits you but does no damage.
You shoot an arrow.
The arrow completely misses the hobgoblin.
The arrow hits the goblin.
The goblin is moderately wounded.
The goblin no longer looks unusually strong.
The hobgoblin no longer looks unusually strong.
The hobgoblin misses you.
You shoot an arrow. The arrow closely misses the hobgoblin.
The arrow hits the goblin!
You kill the goblin!
The hobgoblin hits you but does no damage.
The hobgoblin barely misses you.
You shoot an arrow. The arrow hits the hobgoblin.
The hobgoblin is severely wounded.
The hobgoblin hits you. The hobgoblin barely misses you.
You shoot an arrow.
The arrow completely misses the hobgoblin.
The arrow barely misses the goblin.
The hobgoblin no longer looks unusually strong.
The hobgoblin hits you. x2
You die...

#.# ## #.# .. .. #.# #
#. >.. ##%. #.# #.
...######... ...)##.##
#.........# #.#..ggg#
#....#.##.# #....ggg#
#.##.#.##.# #@#
#.#....##.~ ##.##
#......##.. #...#
###...###.. #...# #.%.#
#.~ #...#######...###.#
##...#......).....#
#..........\.....# .
.##...#.............
.###...>.....#.#...#.#..


You could see 3 hobgoblins and 3 goblins.

Vanquished Creatures
  A howler monkey (D:2)
  Robin (D:2)
  An adder (D:2)
  A dart slug (D:1)
  3 bats
  4 endoplasms (D:2)
  2 giant cockroaches (D:1)
  8 goblins
  3 hobgoblins
  8 jackals (D:1)
  A quokka (D:2)
  4 ball pythons
  3 frilled lizards
  4 kobolds
  4 rats (D:1)
48 creatures vanquished.

Notes
Turn   | Place    | Note
-------+----------+-------------------------------------------
     0 | D:1      | qw the Gargoyle Hunter began the quest for the Orb.
     0 | D:1      | Reached XP level 1. HP: 12/12 MP: 1/1
     0 | D:1      | 0 ||| qw: Version: 0.3-a-2-g5ab2908
     0 | D:1      | 0 ||| qw: Game counter: 288
     0 | D:1      | 0 ||| qw: Always use a shield: true
     0 | D:1      | 0 ||| qw: God list: Okawaru
     0 | D:1      | 0 ||| qw: Allow faded altars: false
     0 | D:1      | 0 ||| qw: Do Orc after D:15 true
     0 | D:1      | 0 ||| qw: Do second Lair branch before Depths: true
     0 | D:1      | 0 ||| qw: Lair rune preference: random
     0 | D:1      | 0 ||| qw: Plans: Normal, Zot:1-4, Slime:5, God:TSO, Crypt,
                  | Tomb, Abyss, Pan, Hells, Win
     0 | D:1      | 0 ||| PLANNING D:1-11
   188 | D:1      | Reached XP level 2. HP: 17/17 MP: 2/2
   584 | D:1      | Reached XP level 3. HP: 18/21 MP: 3/3
   806 | D:1      | Reached skill level 5 in Ranged Weapons
   934 | D:1      | 934 ||| UPGRADING to +0 ring mail.
   944 | D:1      | 944 ||| DROPPING +0 leather armour.
   945 | D:1      | 945 ||| READING 3 scrolls labelled SICVACVOBEN.
   946 | D:1      | 946 ||| READING scroll labelled WIFFORPH AXIKLA.
   947 | D:1      | 947 ||| DRINKING 2 red potions.
   948 | D:1      | 948 ||| DRINKING 2 pink potions.
   949 | D:1      | 949 ||| DROPPING 2 scrolls of immolation.
   950 | D:1      | 950 ||| DROPPING scroll of butterflies.
  1051 | D:2      | Reached skill level 1 in Armour
  1071 | D:2      | Found Gakacoom's Antique Armour Shop.
  1079 | D:2      | 1079 ||| BUYING fabulously ornate robe (96 gold).
  1079 | D:2      | Bought a fabulously ornate robe for 96 gold pieces
  1079 | D:2      | Identified the +0 robe of the Serpent {Int+3} (You bought
                  | it in a shop on level 2 of the Dungeon)
  1079 | D:2      | 1079 ||| SHOPLISTING glowing scarf (136 gold, have 9).
  1079 | D:2      | 1079 ||| SHOPLISTING helmet (76 gold, have 9).
  1079 | D:2      | 1079 ||| SHOPLISTING pair of gloves (76 gold, have 9).
  1127 | D:2      | Found Lyt Jen's General Store.
  1144 | D:2      | Reached skill level 3 in Fighting
  1144 | D:2      | Reached XP level 4. HP: 28/28 MP: 4/4
  1320 | D:2      | Noticed Robin
  1332 | D:2      | Killed Robin
  1332 | D:2      | HP: 4/28 [hobgoblin[Robin] (6)]
  1336 | D:2      | HP: 1/28 [hobgoblin[Robin] (3)]
  1336 | D:2      | Slain by a hobgoblin

Levels and vault maps discovered:
D:1:      kilobyte_arrival_exit_the_forest, layout_basic, minivault_4
D:2:      layout_loops_cross, serial_shops, shop, nicolae_shop_trees, shop,
          fountainhead, guppyfry_early_orc_mine, uniq_robin

Skill      XL: |  1  2  3 |
---------------+----------+-----
Ranged Weapons | 5 |  5.3
Armour         | 1 |  1.1
Fighting       | 3 |  3.5
Dodging        | |  1.5
Stealth        | |  1.1

Action                     |  1- 3 |  4- 6 || total
---------------------------+-------+-------++-------
   Fire: Shortbow          |    89 |    35 ||   124
    Use: Scroll            |     2 |       ||     2
         Potion            |     2 |       ||     2
 Armour: Leather armour    |     2 |       ||     2
         Ring mail         |     6 |    11 ||    17
  Dodge: Dodged            |    24 |    11 ||    35

Table legend:
 A = Non-vault XP
 B = Vault XP
 C = Vault XP percentage of total XP
 D = Non-vault monster count
 E = Vault monster count
 F = Vault count percentage of total count
                 A         B        C        D         E       F
            +---------+---------+-------+---------+---------+-------
      Total |     130 |      28 |  17.7 |      40 |       8 |  16.7
            +---------+---------+-------+---------+---------+-------
        D:1 |      39 |       0 |   0.0 |      23 |       0 |   0.0
        D:2 |      91 |      28 |  23.5 |      17 |       8 |  32.0
            +---------+---------+-------+---------+---------+-------
